 Dungeon Crawl Stone Soup version 0.22.1-1-ga44c0e5 (webtiles) character file.

254 Singol the Firebug (level 6, -5/32 HPs)
             Began as a Tengu Fire Elementalist on Oct 30, 2018.
             Slain by Duvessa
             ... wielding a +3 short sword of holy wrath
              (7 damage)
             ... on level 4 of the Dungeon.
             The game lasted 00:46:56 (6390 turns).

Singol the Firebug (Tengu Fire Elementalist)        Turns: 6390, Time: 00:46:57

Health: -5/32      AC:  4    Str:  8    XL:     6   Next: 14%
Magic:  5/11       EV: 12    Int: 21    God:
Gold:   108        SH:  0    Dex: 14    Spells: 7/11 levels left

rFire    . . .     SeeInvis .   k - staff of air
rCold    . . .     Gourm    .   (no shield)
rNeg     . . .     Faith    .   a - +0 robe
rPois    .         Spirit   .   (helmet restricted)
rElec    +         Reflect  .   h - +0 cloak
rCorr    .         Harm     +   r - +0 pair of gloves
MR       .....                  (boots unavailable)
Stlth    ++........             f - amulet of harm
HPRegen  0.10/turn              q - +3 ring of intelligence
MPRegen  0.12/turn              (no ring)

@: no status effects
A: beak, talons 3, able to fly 1
a: Fly


You were on level 4 of the Dungeon.
You were not hungry.

You visited 1 branch of the dungeon, and saw 4 of its levels.

You collected 108 gold pieces.

Inventory:

Hand Weapons
 b - a +2 dagger of venom
Armour
 a - a +0 robe (worn)
 h - a +0 cloak (worn)
 r - a +0 pair of gloves (worn)
 s - a scarf of spirit shield
Magical Staves
 k - an uncursed staff of air (weapon)
Jewellery
 f - an amulet of harm (around neck)
 q - a +3 ring of intelligence (left hand)
Scrolls
 d - 3 scrolls of identify {unknown}
 e - 2 scrolls of fear {unknown}
 i - a scroll of teleportation {unknown}
 o - a scroll of enchant weapon {unknown}
 t - a scroll of noise {unknown}
 w - a scroll of immolation {unknown}
Potions
 g - a potion of might {unknown}
 j - a potion of flight {unknown}
 l - a potion of invisibility {unknown}
 m - 2 potions of magic {unknown}
 n - a potion of agility {unknown}
 p - 3 potions of lignification {unknown}
 u - a potion of ambrosia {unknown}
 v - a potion of cancellation {unknown}
Comestibles
 c - 4 rations


   Skills:
 - Level 2.1 Dodging
 - Level 2.0 Stealth
 + Level 3.0 Spellcasting
 * Level 5.0 Conjurations
 * Level 5.3 Fire Magic


You had 7 spell levels left.
You knew the following spells:

 Your Spells              Type           Power        Failure   Level  Hunger
a - Flame Tongue          Conj/Fire      ###..        1%          1    None
b - Conjure Flame         Conj/Fire      ###.....     4%          3    ###....

Your spell library contained the following spells:

 Spells                   Type           Power        Failure   Level  Hunger
 Throw Flame              Conj/Fire      ###...       2%          2    ##.....
 Inner Flame              Hex/Fire       ##......     14%         3    ###....
 Sticky Flame             Conj/Fire      ###.....     16%         4    ####...
 Fireball                 Conj/Fire      ###.......   41%         5    ######.


Dungeon Overview and Level Annotations

Branches:
Dungeon (4/15)
 Temple: D:4-7

Altars:
Cheibriados
Hepliaklqana

Annotations:
D:4 Dowan, Duvessa


Innate Abilities, Weirdness & Mutations

You have a beak for a mouth.
You have claws for feet.
You can fly.


Message History

Dowan gestures wildly while chanting.
Dowan blinks!
Casting: Flame Tongue (safe; 1% risk of failure)
Confirm with . or Enter, or press ? or * to list all spells.
Aiming: Flame Tongue (safe; 1% risk of failure)
Press: ? - help, Shift-Dir - straight line, f/p - Duvessa
Aim: Duvessa, wielding a short sword of holy wrath and wearing a chain mail The flame tongue hits Duvessa.
Duvessa is heavily wounded.
Duvessa hits you with a short sword of holy wrath.
Duvessa barely misses you.
Duvessa hits you with a short sword of holy wrath!
Duvessa says, "When magic and the sword combine, nothing stands against them."
Duvessa closely misses you.
Duvessa hits you with a short sword of holy wrath!
* * * LOW HITPOINT WARNING * * *
Dowan mumbles some strange words.
Dowan blinks!
Duvessa hits you with a short sword of holy wrath.
You die...

#.# #.#
#.# #.#
##.# #..#
#.## #.#
#@# #e#
#.# #.#
#.# #.#
#.#
#######.#
#
#.....ยง.#


You could see Duvessa.

Vanquished Creatures
  A scorpion (D:4)
  A worker ant (D:4)
  A hound skeleton (D:4)
  4 gnolls (D:3)
  2 adders
  2 oozes
  2 worms
  2 dart slugs
  2 leopard geckos
  3 orcs (D:3)
  A ball python (D:4)
  11 giant cockroaches
  11 hobgoblins
  4 jackals
  11 kobolds
  A quokka (D:2)
  3 bats (D:1)
  3 frilled lizards
  11 goblins
  A quokka skeleton (D:3)
  12 rats
89 creatures vanquished.

Notes
Turn   | Place    | Note
-------+----------+-------------------------------------------
     0 | D:1      | Singol the Tengu Fire Elementalist began the quest for the
                  | Orb.
     0 | D:1      | Reached XP level 1. HP: 10/10 MP: 4/4
   147 | D:1      | Reached XP level 2. HP: 15/15 MP: 4/6
   525 | D:1      | Reached XP level 3. HP: 19/19 MP: 2/7
   840 | D:1      | Learned a level 3 spell: Conjure Flame
  2036 | D:2      | Found a snail-covered altar of Cheibriados.
  3029 | D:2      | Found a hazy altar of Hepliaklqana.
  3084 | D:2      | Reached XP level 4. HP: 24/24 MP: 0/8
  4232 | D:3      | Gained mutation: You can fly. [Tengu growth]
  4232 | D:3      | Reached XP level 5. HP: 28/28 MP: 7/10
  5366 | D:4      | Reached skill level 5 in Fire Magic
  5375 | D:4      | Noticed an ogre
  5789 | D:4      | Noticed a centaur
  5989 | D:4      | Reached XP level 6. HP: 22/32 MP: 6/11
  6031 | D:4      | Reached skill level 5 in Conjurations
  6236 | D:4      | Noticed Duvessa
  6236 | D:4      | Noticed Dowan
  6390 | D:4      | Slain by Duvessa

Skill      XL: |  1  2  3  4  5  6 |
---------------+-------------------+-----
Conjurations   | 2 3 4 5 |  5.0
Fire Magic     | 4 5 |  5.3
Spellcasting   | 3 |  3.0
Dodging        | |  2.1
Stealth        | |  2.0

Action                   |  1- 3 |  4- 6 || total
-------------------------+-------+-------++-------
Melee: Staff             |       |     3 ||     3
       Peck              |       |     1 ||     1
 Cast: Flame Tongue      |    73 |    96 ||   169
       Conjure Flame     |     7 |     9 ||    16
  Eat: Chunk             |     4 |    10 ||    14
       Ration            |     1 |     1 ||     2
Armor: Robe              |     7 |     7 ||    14
Dodge: Dodged            |    44 |    22 ||    66
